 Dungeon Crawl Stone Soup version 0.10.4 character file.

160 Aargh the Twirler (level 2, -1/20 HPs)
             Began as a Human Wanderer on July 13, 2013.
             Slain by Jessica
             ... wielding a +1,+1 dagger
              (3 damage)
             ... while paralysed by a potion of paralysis
             ... on Level 2 of the Dungeon.
             The game lasted 00:07:44 (1395 turns).

Aargh the Twirler (Human Wanderer)                  Turns: 1395, Time: 00:07:44

HP  -1/20        AC  2     Str 13      XL: 2   Next: 65%
MP   2/2         EV  2     Int 10      God:
Gold 145         SH  0     Dex 13      Spells:  0 memorised,  1 level left

Res.Fire  : . . .   See Invis. : .   a - +1,+2 quarterstaff
Res.Cold  : . . .   Warding    : . . b - +0 robe
Life Prot.: . . .   Conserve   : .   (no shield)
Res.Acid. : . . .   Res.Corr.  : .   (no helmet)
Res.Poison: .       Clarity    : .   (no cloak)
Res.Elec. : .       Spirit.Shd : .   (no gloves)
Sust.Abil.: . .     Stasis     : .   (no boots)
Res.Mut.  : .       Ctrl.Telep.: .   (no amulet)
Res.Rott. : .       Levitation : .   (no ring)
Saprovore : . . .   Ctrl.Flight: .   (no ring)

@: paralysed, not resistant to hostile enchantments, unstealthy
A: no striking features
a: no special abilities


You were on level 2 of the Dungeon.
You were not hungry.

You visited 1 branch of the dungeon, and saw 2 of its levels.

You collected 95 gold pieces.

Dungeon Overview and Level Annotations

Branches:
Dungeon (2/27)

Altars:

Annotations
D:2 Jessica


   Skills:
 + Level 2.2 Fighting
 - Level 3.0 Staves
 + Level 1.0 Crossbows
 + Level 1.0 Armour
 * Level 1.3 Dodging
 * Level 1.2 Stealth
 * Level 1.5 Stabbing
 * Level 1.2 Traps & Doors
 * Level 0.4 Spellcasting


You had one spell level left.
You didn't know any spells.

Inventory:

Hand weapons
 a - a +1,+2 quarterstaff (weapon)
 c - a +0,+0 dagger (quivered)
 e - a +0,+0 dagger
 g - a +0,+0 dagger
 o - a +0,+0 club
 q - a +0,+0 dwarven short sword
Missiles
 h - a +0 dart
Armour
 b - a +0 robe (worn)
Comestibles
 d - a bread ration
 f - a choko
 m - 2 meat rations
 n - a chunk of rat flesh {@w1}
Scrolls
 i - a scroll of enchant weapon II {unknown}
 j - 2 scrolls of identify {unknown}
 l - a scroll of amnesia {unknown}
 r - a scroll of curse jewellery {unknown}
 s - a scroll of magic mapping {unknown}


Message History

Jessica comes into view.
She is wielding a dagger.
Jessica shouts!
You barely miss Jessica.
Jessica mumbles some strange words.
Jessica seems to speed up.
You hit Jessica.
Jessica is lightly wounded.
Jessica barely misses you. Jessica hits you with a dagger.
You hit Jessica.
Jessica is moderately wounded.
Jessica points at you and mumbles some strange words.
You resist. Jessica hits you but does no damage.
You hit Jessica.
Jessica is moderately wounded.
Jessica says, "I'm really upset."
Jessica mumbles some strange words.
Jessica blinks!
You closely miss Jessica.
Jessica is moderately wounded.
Jessica hits you with a dagger. Jessica closely misses you.
You hit Jessica.
Jessica is heavily wounded.
Jessica gestures wildly.
Jessica barely misses you.
You barely miss Jessica.
Jessica is heavily wounded.
Jessica hits you but does no damage. Jessica hits you with a dagger.
You hit Jessica but do no damage.
Jessica is heavily wounded.
Jessica hits you with a dagger.
* * * LOW HITPOINT WARNING * * *
You hit Jessica but do no damage.
Jessica is heavily wounded.
Jessica points at you and mumbles some strange words.
Pain shoots through your body!
* * * LOW HITPOINT WARNING * * *
Drink which item? (? for menu, Esc to quit)
You suddenly lose the ability to move!
It was a potion of paralysis.
Jessica hits you with a dagger.
You die...

#....#.###### #
#............ .#
#...###########.#
.##..#............#
#
...............#..#
...
.#####.#######.#..
.. #.........#.##.#
#..#####..#....#....
#..........@@.....#
#.######............
#........######...#
########## ..# .


You could see Jessica.

Vanquished Creatures
  3 bats (D:1)
  2 giant cockroaches (D:1)
  A goblin (D:1)
  A hobgoblin (D:1)
  3 kobolds
  4 rats
14 creatures vanquished.

Vanquished Creatures (others)
  A rat (D:1)
  2 toadstools (D:1)
3 creatures vanquished.

Grand Total: 17 creatures vanquished

Notes
Turn   | Place    | Note
--------------------------------------------------------------
     0 | D:1      | Aargh, the Human Wanderer, began the quest for the Orb.
     0 | D:1      | Reached XP level 1. HP: 14/14 MP: 1/1
   348 | D:1      | Reached XP level 2. HP: 15/20 MP: 2/2
   801 | D:1      | Reached skill level 1 in Traps & Doors
  1382 | D:2      | Noticed Jessica
  1394 | D:2      | HP: 2/20 [Jessica/nerve-wracking pain (5)]
  1395 | D:2      | Paralysed by a potion of paralysis for 7 turns
  1395 | D:2      | Slain by Jessica
